Workbook

Sheet Mat. complement. ferias esp
A2: ANEXO IX-B (Lote 3) MATERIALES COMPLEMENTARIOS EXPOSITOR
A4: ESTIMACIÓN FERIARTE (no licitable)
B5: Edición 2027 | F5: Edición 2028
A6: ARTÍCULO | B6: Estimación | C6: Precio IVA excluido | E6: Total | F6: Estimación | G6: Precio IVA excluido | I6: Total
A7: TABIQUE AGLOMERADO DE 100 mm DE GROSOR | B7: 15 | C7: 118.69 | D7: €/ml. | E7: =B7*C7 -> 1780.35 | F7: 15 | G7: 118.69 | H7: €/ml. | I7: =F7*G7 -> 1780.35
A8: PANEL AGLOMERADO DE 19mm DE GROSOR | B8: 17 | C8: 92.6 | D8: €/ml. | E8: =B8*C8 -> 1574.2 | F8: 17 | G8: 92.6 | H8: €/ml. | I8: =F8*G8 -> 1574.2
A9: VIGA SUPLEMENTARIA | B9: 13 | C9: 9.88 | D9: €/ml. | E9: =B9*C9 -> 128.44 | F9: 13 | G9: 9.88 | H9: €/ml. | I9: =F9*G9 -> 128.44
A10: PUERTA DE MADERA DE UNA HOJA | B10: 1 | C10: 171.3 | D10: €/ud. | E10: =B10*C10 -> 171.3 | F10: 1 | G10: 171.3 | H10: €/ud. | I10: =F10*G10 -> 171.3
A11: PODIUM DE MADERA ENMOQUETADO 0.50x0.5x1.00 m | B11: 4 | C11: 84.86 | D11: €/ud. | E11: =B11*C11 -> 339.44 | F11: 4 | G11: 84.86 | H11: €/ud. | I11: =F11*G11 -> 339.44
A12: PODIUM PINTADO 0.50x0.50x1.00 m | B12: 7 | C12: 74.7 | D12: €/ud. | E12: =B12*C12 -> 522.9 | F12: 7 | G12: 74.7 | H12: €/ud. | I12: =F12*G12 -> 522.9
A13: TAPIZADO DE PAREDES | B13: 13 | C13: 15.31 | D13: €/m2. | E13: =B13*C13 -> 199.03 | F13: 13 | G13: 15.31 | H13: €/m2. | I13: =F13*G13 -> 199.03
A14: ENTRAMADO DE TECHO | B14: 8 | C14: 16.7 | D14: €/m2. | E14: =B14*C14 -> 133.6 | F14: 8 | G14: 16.7 | H14: €/m2. | I14: =F14*G14 -> 133.6
A15: ROTULOS ESTANDAR HASTA 20 LETRAS | B15: 4 | C15: 16.91 | D15: €/ud. | E15: =B15*C15 -> 67.64 | F15: 4 | G15: 16.91 | H15: €/ud. | I15: =F15*G15 -> 67.64
A16: FOCO LED EN CARRIL | B16: 24 | C16: 67.14 | D16: €/ud. | E16: =B16*C16 -> 1611.36 | F16: 24 | G16: 67.14 | H16: €/ud. | I16: =F16*G16 -> 1611.36
A17: FOCO LED CON BRAZO | B17: 5 | C17: 77.21 | D17: €/ud. | E17: =B17*C17 -> 386.05 | F17: 5 | G17: 77.21 | H17: €/ud. | I17: =F17*G17 -> 386.05
A18: ENCHUFE MONOFASICO DE 500 watt. (CUADRO NO INCLUIDO) | B18: 27 | C18: 27.67 | D18: €/ud. | E18: =B18*C18 -> 747.09 | F18: 27 | G18: 27.67 | H18: €/ud. | I18: =F18*G18 -> 747.09
... A21: M2 PINTURA (CAMBIO DE COLOR) | B21: 49 | C21: 5.76 | D21: €/ud. | E21: =B21*C21 -> 282.24 | F21: 49 | G21: 5.76 | H21: €/ud. | I21: =F21*G21 -> 282.24
A22: TOTAL ESTIMACIÓN MATERIALES COMPLEMENTARIOS IVA EXCLUIDO (NO ES OBJETO DE LICITACIÓN) (5) | E22: =SUM(E7:E21) -> 10364.98 | I22: =SUM(I7:I21) -> 10364.98

Sheet Total Mat. complementarios
A2: ANEXO IX B (Lote 3) MATERIALES COMPLEMENTARIOS EXPOSITOR + IFEMA MADRID
F4: ESTIMACIÓN AÑO 2027 | L4: ESTIMACIÓN AÑO 2028
B5: PRECIOS UNITARIOS MÁXIMOS, IVA excluido | D5: PRECIO UNITARIO OFERTADO PARA EXPOSITOR (a) | E5: PRECIO UNITARIO OFERTADO PARA IFEMA MADRID (se aplica un 20 % de descuento del precio para ofertado para expositor) (b) | F5: ESTIMACIÓN UNIDADES EXPOSITOR (c) | G5: ESTIMACIÓN UNIDADES IFEMA MADRID (d) | H5: ESTIMACIÓN UNIDADES IFEMA - PROYECTOS DISEÑO FERIAL (e) | I5: SUBTOTAL IMPORTE EXPOSITOR (a) x (c) | J5: SUBTOTAL IMPORTE IFEMA MADRID (b) x (d) | K5: SUBTOTAL IMPORTE IFEMA MADRID PROYECTOS DE DISEÑO (b) x (e) | L5: ESTIMACIÓN UNIDADES EXPOSITOR (c) | M5: ESTIMACIÓN UNIDADES IFEMA MADRID (d) | N5: ESTIMACIÓN UNIDADES IFEMA MADRID - PROYECTOS DISEÑO FERIAL (e) | O5: SUBTOTAL IMPORTE EXPOSITOR (a) x (c) | P5: SUBTOTAL IMPORTE IFEMA MADRID (b) x (d) | Q5: SUBTOTAL IMPORTE IFEMA MADRID PROYECTOS DE DISEÑO (b) x (e)
A6: MATERIALES GENÉRICOS
A7: ARMARIO BAJO 100 x 50 x 60 (MADERA) | B7: 90.42 | C7: €/Ud. | E7: =ROUND(D7-(D7*0.2),2) -> 0 | F7: 0 | G7: 0 | H7: 0 | I7: =F7*D7 -> 0 | J7: =E7*G7 -> 0 | K7: =E7*H7 -> 0 | L7: 0 | M7: 0 | N7: 0 | O7: =L7*D7 -> 0 | P7: =M7*E7 -> 0 | Q7: =N7*E7 -> 0
A8: BANDEROLA (40 x 50 cm.) | B8: 6.26 | C8: €/Ud. | E8: =ROUND(D8-(D8*0.2),2) -> 0 | F8: 0 | G8: 0 | H8: 0 | I8: =F8*D8 -> 0 | J8: =E8*G8 -> 0 | K8: =E8*H8 -> 0 | L8: 0 | M8: 0 | N8: 0 | O8: =L8*D8 -> 0 | P8: =M8*E8 -> 0 | Q8: =N8*E8 -> 0
A9: BASE DE ENCHUFE CUÁDRUPLE HASTA 3.500 W CABLE HASTA 10 M (CUADRO NO INCLUIDO) | B9: 36.4 | C9: €/Ud. | E9: =ROUND(D9-(D9*0.2),2) -> 0 | F9: 0 | G9: 0 | H9: 0 | I9: =F9*D9 -> 0 | J9: =E9*G9 -> 0 | K9: =E9*H9 -> 0 | L9: 0 | M9: 0 | N9: 0 | O9: =L9*D9 -> 0 | P9: =M9*E9 -> 0 | Q9: =N9*E9 -> 0
A10: BASE DE ENCHUFE DOBLE HASTA 3.500 W CABLE HASTA 10 M (CUADRO NO INCLUIDO) | B10: 22.1 | C10: €/Ud. | E10: =ROUND(D10-(D10*0.2),2) -> 0 | F10: 87 | G10: 0 | H10: 0 | I10: =F10*D10 -> 0 | J10: =E10*G10 -> 0 | K10: =E10*H10 -> 0 | L10: 57 | M10: 0 | N10: 0 | O10: =L10*D10 -> 0 | P10: =M10*E10 -> 0 | Q10: =N10*E10 -> 0
A11: BASE DE ENCHUFE TRIPLE HASTA 3.500 W CABLE HASTA 10 M (CUADRO NO INCLUIDO) | B11: 30.05 | C11: €/Ud. | E11: =ROUND(D11-(D11*0.2),2) -> 0 | F11: 100 | G11: 0 | H11: 0 | I11: =F11*D11 -> 0 | J11: =E11*G11 -> 0 | K11: =E11*H11 -> 0 | L11: 80 | M11: 0 | N11: 0 | O11: =L11*D11 -> 0 | P11: =M11*E11 -> 0 | Q11: =N11*E11 -> 0
A12: BASTIDOR DE ALUMINIO | B12: 30.67 | C12: €/Ml. | E12: =ROUND(D12-(D12*0.2),2) -> 0 | F12: 0 | G12: 0 | H12: 0 | I12: =F12*D12 -> 0 | J12: =E12*G12 -> 0 | K12: =E12*H12 -> 0 | L12: 0 | M12: 0 | N12: 0 | O12: =L12*D12 -> 0 | P12: =M12*E12 -> 0 | Q12: =N12*E12 -> 0
A13: CAMBIO COLOR PINTURA | B13: 5.48 | C13: €/m2 | E13: =ROUND(D13-(D13*0.2),2) -> 0 | F13: 0 | G13: 0 | H13: 150 | I13: =F13*D13 -> 0 | J13: =E13*G13 -> 0 | K13: =E13*H13 -> 0 | L13: 0 | M13: 0 | N13: 150 | O13: =L13*D13 -> 0 | P13: =M13*E13 -> 0 | Q13: =N13*E13 -> 0
A14: CORTINA | B14: 31.02 | C14: €/Ml. | E14: =ROUND(D14-(D14*0.2),2) -> 0 | F14: 0 | G14: 200 | H14: 0 | I14: =F14*D14 -> 0 | J14: =E14*G14 -> 0 | K14: =E14*H14 -> 0 | L14: 0 | M14: 175 | N14: 0 | O14: =L14*D14 -> 0 | P14: =M14*E14 -> 0 | Q14: =N14*E14 -> 0
A15: ENCHUFE MONOFÁSICO HASTA 3.500 W CABLE HASTA 10 M (CUADRO NO INCLUIDO) | B15: 16.5 | C15: €/Ud. | E15: =ROUND(D15-(D15*0.2),2) -> 0 | F15: 91 | G15: 0 | H15: 0 | I15: =F15*D15 -> 0 | J15: =E15*G15 -> 0 | K15: =E15*H15 -> 0 | L15: 103 | M15: 0 | N15: 0 | O15: =L15*D15 -> 0 | P15: =M15*E15 -> 0 | Q15: =N15*E15 -> 0
A16: ENCHUFE TRIFASICO HASTA 18.000 W. DE 10 M DE LONGITUD CON CETAC DE 32 AMPERIOS MACHO Y HEMBRA EN LOS EXTREMOS (CUADRO NO INCLUIDO) | B16: 68 | C16: €/Ud. | E16: =ROUND(D16-(D16*0.2),2) -> 0 | F16: 0 | G16: 0 | H16: 0 | I16: =F16*D16 -> 0 | J16: =E16*G16 -> 0 | K16: =E16*H16 -> 0 | L16: 0 | M16: 0 | N16: 0 | O16: =L16*D16 -> 0 | P16: =M16*E16 -> 0 | Q16: =N16*E16 -> 0
A17: ENCHUFE TRIFASICO HASTA 37.000 W. DE 10 M DE LONGITUD CON CETAC DE 63 AMPERIOS MACHO Y HEMBRA EN LOS EXTREMOS (CUADRO NO INCLUIDO) | B17: 95.3 | C17: €/Ud. | E17: =ROUND(D17-(D17*0.2),2) -> 0 | F17: 0 | G17: 0 | H17: 0 | I17: =F17*D17 -> 0 | J17: =E17*G17 -> 0 | K17: =E17*H17 -> 0 | L17: 0 | M17: 0 | N17: 0 | O17: =L17*D17 -> 0 | P17: =M17*E17 -> 0 | Q17: =N17*E17 -> 0
A18: ENCHUFE TRIFASICO HASTA 9.000 W. DE 10 M DE LONGITUD CON CETAC DE 16 AMPERIOS MACHO Y HEMBRA EN LOS EXTREMOS (CUADRO NO INCLUIDO) | B18: 50.1 | C18: €/Ud. | E18: =ROUND(D18-(D18*0.2),2) -> 0 | F18: 0 | G18: 0 | H18: 0 | I18: =F18*D18 -> 0 | J18: =E18*G18 -> 0 | K18: =E18*H18 -> 0 | L18: 0 | M18: 0 | N18: 0 | O18: =L18*D18 -> 0 | P18: =M18*E18 -> 0 | Q18: =N18*E18 -> 0
... A84: MURO MOMAD MELAMINADO, ML (MOMAD METROPOLIS) | B84: 129.69 | C84: €/Ml. | E84: =ROUND(D84-(D84*0.2),2) -> 0 | F84: 0 | G84: 0 | H84: 0 | I84: =F84*D84 -> 0 | J84: =E84*G84 -> 0 | K84: =E84*H84 -> 0 | L84: 0 | M84: 0 | N84: 0 | O84: =L84*D84 -> 0 | P84: =M84*E84 -> 0 | Q84: =N84*E84 -> 0
A85: MURO MOMAD MELAMINADO, 0,5 ML (MOMAD METROPOLIS) | B85: 76.5 | C85: €/Und. | E85: =ROUND(D85-(D85*0.2),2) -> 0 | F85: 0 | I85: =F85*D85 -> 0 | J85: =E85*G85 -> 0 | K85: =E85*H85 -> 0 | L85: 0 | M85: 0 | N85: 0 | O85: =L85*D85 -> 0 | P85: =M85*E85 -> 0 | Q85: =N85*E85 -> 0
A86: PERCHERO AUTOPORTANTE DE 2 X180 M, UD (MOMAD METROPOLIS) | B86: 103.64 | C86: €/Und. | E86: =ROUND(D86-(D86*0.2),2) -> 0 | F86: 0 | G86: 0 | H86: 0 | I86: =F86*D86 -> 0 | J86: =E86*G86 -> 0 | K86: =E86*H86 -> 0 | L86: 0 | M86: 0 | N86: 0 | O86: =L86*D86 -> 0 | P86: =M86*E86 -> 0 | Q86: =N86*E86 -> 0
A87: PUERTA MOMAD 2X1 M CON CERRADURA (MOMA METROPOLIS) | B87: 143.2 | C87: €/Und. | E87: =ROUND(D87-(D87*0.2),2) -> 0 | F87: 0 | G87: 0 | H87: 0 | I87: =F87*D87 -> 0 | J87: =E87*G87 -> 0 | K87: =E87*H87 -> 0 | L87: 0 | M87: 0 | N87: 0 | O87: =L87*D87 -> 0 | P87: =M87*E87 -> 0 | Q87: =N87*E87 -> 0
A88: FOCO LED CARRIL | B88: 66.3 | C88: €/Und. | E88: =ROUND(D88-(D88*0.2),2) -> 0 | F88: 0 | I88: =F88*D88 -> 0 | J88: =E88*G88 -> 0 | K88: =E88*H88 -> 0 | L88: 0 | M88: 0 | N88: 0 | O88: =L88*D88 -> 0 | P88: =M88*E88 -> 0 | Q88: =N88*E88 -> 0
A89: SILLA MOMAD (MOMAD METROPOLIS) | B89: 25.82 | C89: €/Und. | E89: =ROUND(D89-(D89*0.2),2) -> 0 | F89: 0 | G89: 0 | H89: 0 | I89: =F89*D89 -> 0 | J89: =E89*G89 -> 0 | K89: =E89*H89 -> 0 | L89: 0 | M89: 0 | N89: 0 | O89: =L89*D89 -> 0 | P89: =M89*E89 -> 0 | Q89: =N89*E89 -> 0
A90: TORRE CON 3 FOCOS LED (MOMAD METROPOLIS) | B90: 242 | C90: €/Und. | E90: =ROUND(D90-(D90*0.2),2) -> 0 | F90: 40 | G90: 0 | H90: 0 | I90: =F90*D90 -> 0 | J90: =E90*G90 -> 0 | K90: =E90*H90 -> 0 | L90: 40 | M90: 0 | N90: 0 | O90: =L90*D90 -> 0 | P90: =M90*E90 -> 0 | Q90: =N90*E90 -> 0
A91: MATERIALES COMPLEMENTARIOS PARA EXPOSITOR A MEDIDA Y BAJO PRESUPUESTO | B91: Esta partida es una estimación cuyo importe no está sometido a licitación (4) | I91: 122702.62 | L91: Esta partida es una estimación cuyo importe no está sometido a licitación (4) | O91: 121682.56
A92: TOTALES COMPLEMENTOS EXPOSITOR + IFEMA MADRID + PROYECTOS DISEÑO FERIAL | I92: =SUM(I7:I91) -> 122702.62 | J92: =SUM(J7:J91) -> 0 | K92: =SUM(K7:K91) -> 0 | O92: =SUM(O7:O91) -> 121682.56 | P92: =SUM(P7:P91) -> 0 | Q92: =SUM(Q7:Q91) -> 0
G93: COMPLEMENTOS EXPOSITORES (EXCLUIDO IMPORTE A MEDIDA Y BAJO PRESUPUESTO) | I93: =I92-I91 -> 0 | J93: (2) | K93: (3) | M93: COMPLEMENTOS EXPOSITORES (EXCLUIDO IMPORTE A MEDIDA Y BAJO PRESUPUESTO) | O93: =O92-O91 -> 0 | P93: (2) | Q93: (3)
I94: (1) | O94: (1)
A96: El ofertante deberá consignar el precio unitario ofertado para expositores en aquellos materiales cuyo destino puede ser para expositores o para IFEMA MADRID. En el caso del uso para IFEMA MADRID, al precio ofertado para expositores se aplicará un descuento de un 20 %.
A98: El ofertante únicamente deberá cumplimentar las celdas de precios unitarios con fondo AZUL.
AM99: 85797.49

Sheet Total lote 3
A2: ANEXO IX-B (Lote 3)
A3: TOTAL OFERTA
A6: Modelo de stand | B6: ESTIMACIÓN M2 2027 (a) | C6: ESTIMACIÓN M2 2028 (b) | D6: PRECIO UNITARIO MÁXIMO (€/M2) IVA EXCLUIDO | E6: PARTIDAS | F6: PRECIOS UNITARIOS POR PARTIDAS (€/m2) IVA EXCLUIDO | G6: PRECIOS UNITARIOS (sumatorio de precios unitarios por partidas) (€/m2) IVA EXCLUIDO (c) | H6: SUBTOTAL 2027 (a) x © | I6: SUBTOTAL 2028 (b) x © | J6: TOTAL (a) x (b) x ©
A7: FERIARTE | B7: 3210 | C7: 3210 | D7: 60.41 | E7: ESTRUCTURA | G7: =F7+F8+F9+F10 -> 0 | H7: =G7*B7 -> 0 | I7: =G7*C7 -> 0 | J7: =H7+I7 -> 0
E8: INSTALACIÓN ELÉCTRICA
E9: ROTULACIÓN
E10: PAVIMENTACIÓN
A11: MODULAR B | B11: 10783 | C11: 12561 | D11: 36.29 | E11: ESTRUCTURA | G11: =F11+F12+F13+F14 -> 0 | H11: =G11*B11 -> 0 | I11: =G11*C11 -> 0 | J11: =H11+I11 -> 0
E12: INSTALACIÓN ELÉCTRICA
E13: ROTULACIÓN
E14: PAVIMENTACIÓN
A15: MODULAR F | B15: 380 | C15: 320 | D15: 28.36 | E15: ESTRUCTURA | G15: =F15+F16+F17+F18 -> 0 | H15: =G15*B15 -> 0 | I15: =G15*C15 -> 0 | J15: =H15+I15 -> 0
E16: INSTALACIÓN ELÉCTRICA
E17: ROTULACIÓN
E18: PAVIMENTACIÓN
A19: MODULAR LGTB | B19: 207 | C19: 207 | D19: 39.14 | E19: ESTRUCTURA | G19: =F19+F20+F21+F22 -> 0 | H19: =G19*B19 -> 0 | I19: =G19*C19 -> 0 | J19: =H19+I19 -> 0
E20: INSTALACIÓN ELÉCTRICA
E21: ROTULACIÓN
E22: PAVIMENTACIÓN
A23: MOMAD | B23: 8000 | C23: 8000 | D23: 73.7 | E23: ESTRUCTURA | G23: =F23+F24+F25+F26 -> 0 | H23: =G23*B23 -> 0 | I23: =G23*C23 -> 0 | J23: =H23+I23 -> 0
E24: INSTALACIÓN ELÉCTRICA
E25: ROTULACIÓN
E26: PAVIMENTACIÓN
A27: MOMAD 3X3 (und) | B27: 20 | C27: 20 | D27: 760 | E27: ESTRUCTURA | G27: =F27+F28+F29+F30 -> 0 | H27: =G27*B27 -> 0 | I27: =G27*C27 -> 0 | J27: =H27+I27 -> 0
E28: INSTALACIÓN ELÉCTRICA
E29: ROTULACIÓN
E30: PAVIMENTACIÓN
A31: MOMAD METRO | B31: 600 | C31: 600 | D31: 54 | E31: ESTRUCTURA | G31: =F31+F32+F33+F34 -> 0 | H31: =G31*B31 -> 0 | I31: =G31*C31 -> 0 | J31: =H31+I31 -> 0
E32: INSTALACIÓN ELÉCTRICA
E33: ROTULACIÓN
E34: PAVIMENTACIÓN
A35: MATERIALES COMPLEMENTARIOS PARA EXPOSITORES (suma de (1) 2027 y 2028 de la hoja "totales materiales complementarios") | B35: (la estimación de unidades y precios unitarios máximos figura en la hoja "Toales materiales complemetarios" | J35: ='Total Mat. complementarios'!I93+'Total Mat. complementarios'!O93 -> 0
A39: MATERIALES COMPLEMENTARIOS PARA NECESIDADES PROPIAS DE IFEMA MADRID (suma de (2) 2027 y 2028 de la hoja "totales materiales complementarios") | J39: ='Total Mat. complementarios'!J92+'Total Mat. complementarios'!P92 -> 0
A43: MATERIALES COMPLEMENTARIOS PARA PARA EXPOSITORES BAJO PRESUPUESTO (suma de (4) 2027 y 2028 de la hoja "totales materiales complementarios") | J43: ='Total Mat. complementarios'!I91+'Total Mat. complementarios'!O91 -> 244385.18
A47: PROYECTOS DE DISEÑO FERIAL (suma de (3) 2027 y 2028 de la hoja "totales materiales complementarios") | J47: ='Total Mat. complementarios'!K92+'Total Mat. complementarios'!Q92 -> 0
A51: MATERIALES COMPLEMENTARIOS PARA PARA EXPOSITORES FERIAS ESPECÍFICAS CON IMPORTES NO LICITABLES (suma de (5) 2027 y 2028 de la hoja "materiales complementarios ferias específicas") | B51: (la estimación de unidades y precios unitarios máximos figura en la hoja "materiales complemetarios ferias específicas" | J51: ='Mat. complement. ferias esp'!I22+'Mat. complement. ferias esp'!E22 -> 20729.96
B55: IMPORTE TOTAL OFERTADO IVA EXCLUIDO (indicar este total en el anexo IX A de este lote) | J55: =SUM(J7:J54) -> 265115.14
H58: Firma del Representante legal
